AoeStats
← joaqo9909

Arena

510204577Analyzed
4v4 RM · 20h ago on Sep 29, 2026· 47m 25s· 8 players
Game mode
Random Map
Map size
Large (8 player)
Population
200
Speed
Normal
Resources
Standard
Victory
Conquest
Starting age
Dark Age
Ending age
Imperial Age
RankedLock teamsTeams togetherTeam positionsShared explorationLock speedFull tech treeHidden civsTurbo modeCheats
Victory
Defeat
🇺🇾 Franks · Uruguay
1070
+13
🇺🇾 Chinese · Uruguay
1020
+15
🇧🇷 Khmer · Brazil
1009
+16
🇨🇱 Malay · Chile
974
+17
🇺🇸 Japanese · United States
1080
-18
🇵🇹 Mapuche · Portugal
1021
-16
🇺🇸 Aztecs · United States
999
-15
🇦🇷 Poles · Argentina
931
-12
Dsaidm
10:48 Feudal Age
12:38 Loom
17:49 Castle Age
16:09 Double-Bit Axe
16:09 Horse Collar
17:36 Bow Saw
19:45 Heavy Plow
21:50 Wheelbarrow
24:05 Stone Mining
24:05 Gold Mining
27:06 Hand Cart
33:48 Imperial Age
31:34 Forging
30:49 Man-at-Arms
31:31 Squires
32:11 Long Swordsman
33:28 Iron Casting
33:13 Forced Levy
33:04 Two-Handed Swordsman
36:30 Chemistry
37:58 Blast Furnace
42:05 Ballistics
46:02 Conscription
45:33 Arson
A Casa Gordito
11:39 Feudal Age
15:52 Castle Age
13:51 Double-Bit Axe
16:56 Bow Saw
16:37 Gold Mining
20:51 Wheelbarrow
22:14 Hand Cart
24:44 Gold Shaft Mining
24:01 Stone Mining
25:41 Loom
25:41 Town Watch
26:16 Scale Barding Armor
26:21 Forging
27:35 Chain Barding Armor
28:21 Town Patrol
31:26 Imperial Age
29:15 Husbandry
29:53 Iron Casting
31:42 Scale Mail Armor
32:44 Conscription
32:27 Chivalry
31:50 Elite Throwing Axeman
33:42 Blast Furnace
32:57 Chain Mail Armor
33:17 Plate Barding Armor
33:47 Chemistry
33:08 Ballistics
33:31 Cavalier
35:06 Coinage
34:36 Caravan
34:44 Chivalry
34:38 Paladin
37:56 Plate Mail Armor
38:13 Banking
Danubio Futbol Club
0:39 Loom
10:31 Feudal Age
14:42 Castle Age
13:25 Double-Bit Axe
13:23 Horse Collar
22:20 Gold Mining
28:28 Imperial Age
26:39 Wheelbarrow
25:49 Town Watch
26:57 Gold Shaft Mining
26:35 Bow Saw
26:27 Heavy Plow
28:33 Forging
28:23 Scale Mail Armor
27:51 Pikeman
29:46 Rocketry
29:31 Heavy Rocket Cart
30:43 Conscription
31:05 Iron Casting
30:45 Chain Mail Armor
31:40 Wheelbarrow
30:33 Halberdier
32:49 Blast Furnace
33:05 Town Watch
34:10 Plate Mail Armor
34:45 Chemistry
35:08 Hand Cart
34:54 Town Patrol
TT
2:14 Loom
14:06 Feudal Age
15:09 Town Watch
19:40 Castle Age
19:28 Horse Collar
23:20 Fletching
23:25 Double-Bit Axe
23:44 Heavy Plow
28:12 Bow Saw
28:39 Wheelbarrow
32:21 Imperial Age
33:59 Hand Cart
33:39 Heavy Scorpion
35:07 Scale Barding Armor
35:13 Forging
37:34 Capped Ram
40:25 Chemistry
39:33 Siege Engineers
40:31 Hoardings
40:04 Siege Ram
43:39 Double Crossbow
47:06 Ballistics
46:50 Scale Mail Armor
Dosio Daddio
4:17 Loom
10:16 Feudal Age
14:37 Castle Age
13:29 Double-Bit Axe
13:41 Stone Mining
22:42 Horse Collar
25:28 Heavy Plow
29:50 Fortified Wall
30:17 Yasama
32:01 Guard Tower
32:52 Wheelbarrow
32:32 Town Watch
34:55 Fletching
43:17 Imperial Age
41:03 Hand Cart
40:48 Town Patrol
44:18 Kataparuto
44:37 Keep
44:09 Scale Mail Armor
46:20 Siege Engineers
47:17 Conscription
Achilles333
10:08 Feudal Age
14:17 Castle Age
12:55 Double-Bit Axe
19:06 Horse Collar
20:37 Bow Saw
21:46 Heavy Plow
22:35 Stone Mining
22:41 Gold Mining
24:39 Gold Shaft Mining
28:13 Imperial Age
26:19 Wheelbarrow
25:29 Loom
26:39 Wheelbarrow
25:51 Loom
26:47 Fletching
26:58 Scale Mail Armor
27:08 Forging
27:02 Squires
26:51 Arson
28:09 Bodkin Arrow
28:30 Chain Mail Armor
31:21 Conscription
30:23 Elite Jaguar Warrior
31:41 Ballistics
32:22 Chemistry
31:29 Siege Engineers
32:40 Crop Rotation
33:39 Hand Cart
33:37 Elite Jaguar Warrior
36:18 Plate Mail Armor
36:24 Iron Casting
35:19 Onager
37:50 Garland Wars
38:11 Siege Onager
40:04 Blast Furnace
46:37 Bodkin Arrow
D. Pires IV
10:19 Feudal Age
10:53 Double-Bit Axe
11:52 Wheelbarrow
11:47 Gold Mining
13:54 Wheelbarrow
17:48 Castle Age
17:03 Loom
18:47 Bow Saw
18:40 Champi Runner
19:17 Fletching
19:28 Padded Archer Armor
19:49 Champi Warrior
21:53 Horse Collar
25:35 Heavy Plow
25:00 Elite Skirmisher
26:15 Town Watch
26:57 Pikeman
31:40 Imperial Age
30:34 Leather Archer Armor
30:45 Heavy Plow
32:24 Bodkin Arrow
33:18 Hand Cart
33:46 Ballistics
34:35 Conscription
35:13 Malon
35:47 Ring Archer Armor
35:50 Forging
38:38 Halberdier
39:09 Halberdier
joaqo9909
10:51 Feudal Age
13:22 Loom
16:31 Castle Age
14:57 Horse Collar
16:21 Double-Bit Axe
17:30 Forging
22:24 Bloodlines
24:28 Heavy Plow
30:15 Imperial Age
28:25 Iron Casting
28:47 Scale Mail Armor
29:06 Bow Saw
29:49 Light Cavalry
30:30 Husbandry
32:11 Elite Obuch
35:09 Wheelbarrow
34:29 Winged Hussar
35:46 Chain Mail Armor
38:31 Lechitic Legacy
42:44 Hand Cart
43:36 Blast Furnace
43:06 Plate Mail Armor
42:41 Scale Barding Armor
Connection lost

Rejoining the realm…

Still unreachable

The connection could not be restored.

Session expired

The server has moved on; the page needs a fresh start.